 Dungeon Crawl Stone Soup version 0.29-a0-297-g7659ce593d (webtiles) character file.

Game seed: 10559329804984036823

25 Dabor the Insei (level 3, 0/18 HPs)
             Began as a Vine Stalker Transmuter on Mar 22, 2022.
             Slain by a shadow demon (1 damage)
             ... created by the darkness of Dithmenos
             ... on level 2 of the Dungeon.
             The game lasted 00:01:18 (1142 turns).

Dabor the Insei (Vine Stalker Transmuter)           Turns: 1142, Time: 00:01:19

Health: 0/18       AC:  2    Str: 14    XL:     3   Next: 6%
Magic:  0/7        EV: 12    Int: 13    God:
Gold:   99         SH:  0    Dex: 14    Spells: 6/7 levels left

rFire   . . .      SeeInvis .     - Unarmed
rCold   . . .      Faith    .   (no shield)
rNeg    . . .      Spirit   +   a - +0 robe
rPois   .          Reflect  .   (no helmet)
rElec   .          Harm     .   (no cloak)
rCorr   .          Rampage  .   (no gloves)
Will    .....                   (no boots)
Stlth   +.........              (no amulet)
HPRegen 0.06/turn               (no ring)
MPRegen 0.10/turn               (no ring)

@: marked, slowed, very slow
A: fangs 2, magic shield, antimagic bite, no potion heal 2
a: no special abilities


You were on level 2 of the Dungeon.
You visited 1 branch of the dungeon, and saw 2 of its levels.

You collected 99 gold pieces.

Inventory:

Armour
 a - a +0 robe (worn)
Jewellery
 c - a +6 ring of strength
Potions
 b - a potion of lignification
 d - 2 potions of berserk rage {unknown}
 e - 3 potions of attraction {unknown}
 f - a potion of brilliance {unknown}


   Skills:
 + Level 1.3 Fighting
 + Level 1.9 Dodging
 + Level 3.2 Unarmed Combat
 + Level 2.5 Spellcasting
 + Level 2.3 Transmutations


You had 6 spell levels left.
You knew the following spells:

 Your Spells              Type           Power      Damage    Failure   Level
a - Beastly Appendage     Tmut           14%        N/A       10%         1

Your spell library contained the following spells:

 Spells                   Type           Power      Damage    Failure   Level
 Wereblood                Tmut           7%         N/A       14%         2
 Spider Form              Tmut/Pois      4%         N/A       41%         3
 Ice Form                 Ice/Tmut       4%         N/A       83%         4
 Iskenderun's Battlesphe  Conj           1%         2d6       100%        5
 Iron Shot                Conj/Erth      0%         9d1       100%        6
 Spellforged Servitor     Conj/Summ      0%         N/A       100%        7


Dungeon Overview and Level Annotations

Branches:
Dungeon (2/15)

Altars:
Dithmenos


Innate Abilities, Weirdness & Mutations

You have extremely sharp teeth.
When hurt, damage is shared between your health and your magic reserves.
Your bite disrupts and absorbs the magic of your enemies.
Potions cannot restore your health.


Message History

The dart slug is almost dead.
The dart slug launches a dart at you. The slug dart misses you.
A dart slug is nearby!
You hit the dart slug.
You kill the dart slug!
You have reached level 3!
Your experience leads to an increase in your attributes!
Increase (S)trength, (I)ntelligence, or (D)exterity?
You feel stronger. x2
No target in view!
A bat comes into view.
You see here a dart slug corpse.
A bat is nearby!
You hit the bat.
The bat is severely wounded.
The bat misses you. The bat barely misses you.
A bat is nearby!
You punch the bat!
You kill the bat!
Dithmenos calls forth shadows to punish you.
The divine experience drains your vigour!
You feel yourself slow down.
A shadow and 2 shadow demons come into view.
You closely miss the shadow demon.
There are monsters nearby!
You hit the shadow demon. You bite the shadow demon.
The shadow demon's magic leaks into the air.
You drain its magic.
The shadow demon is lightly wounded.
The shadow demon's magic is no longer disrupted.
The shadow demon closely misses you.
There are monsters nearby!
You barely miss the shadow demon.
The shadow demon is lightly wounded.
The shadow barely misses you. The shadow demon barely misses you.
The shadow demon hits you. The shadow hits you. The shadow demon hits you!
* * * LOW HITPOINT WARNING * * *
The shadow demon hits you.
You die...

#.. #.# #.#
#.#
#######.####
..........<#
#######.####
##2#####
#.2@†..+
#.W##......
#..# ..#..
#..# #.#
#..# .# #..#
. #..+ #..


You could see 2 shadow demons and a shadow.

Vanquished Creatures
  2 dart slugs
  5 bats
  An endoplasm (D:1)
  A giant cockroach (D:1)
  2 goblins (D:1)
  2 hobgoblins
  A quokka (D:1)
  2 ball pythons (D:1)
  A frilled lizard (D:1)
  2 kobolds (D:1)
  A rat (D:1)
20 creatures vanquished.

Vanquished Creatures (others)
  5 toadstools (D:1)
5 creatures vanquished.

Grand Total: 25 creatures vanquished

Notes
Turn   | Place    | Note
-------+----------+-------------------------------------------
     0 | D:1      | Dabor the Vine Stalker Transmuter began the quest for the
                  | Orb.
     0 | D:1      | Reached XP level 1. HP: 9/9 MP: 4/4
    27 | D:1      | Found a faded altar of an unknown god.
    63 | D:1      | Prayed at the altar of an unknown god.
    63 | D:1      | Became a worshipper of Dithmenos the Shadowed
    63 | D:1      | Reached * piety under Dithmenos
    64 | D:1      | Fell from the grace of Dithmenos
    99 | D:1      | Reached skill level 1 in Fighting
   221 | D:1      | Reached XP level 2. HP: 14/14 MP: 6/6
  1134 | D:2      | Reached XP level 3. HP: 12/18 MP: 7/7
  1140 | D:2      | Noticed a shadow
  1140 | D:2      | Noticed a shadow demon
  1140 | D:2      | Noticed a shadow demon
  1142 | D:2      | Slain by a shadow demon

Illustrated notes

Levels and vault maps discovered:
D:1:      eino_arrival_cavern_e, layout_basic,
          shapermc_ecumenical_altar_starsandcircs, minmay_gold_behind_fungi
D:2:      layout_basic, serial_shops, nicolae_diamond_shop

Skill      XL: |  1 |
---------------+----+-----
Fighting       | 1 |  1.3
Dodging        | |  1.9
Unarmed Combat | |  3.2
Spellcasting   | |  2.5
Transmutations | |  2.3

Action                   || total
-------------------------++-------
Melee: Unarmed           ||    57
       Bite              ||    11
       Punch             ||     2
Invok: Renounce Religion ||     1
  Use: Scroll            ||     3
 Stab: Sleeping          ||     4
Armor: Robe              ||     6
Dodge: Dodged            ||    34

Table legend: (Time is in decaauts)
 A = Elapsed time spent in this place.
 B = Non-inter-level travel time spent in this place.
 C = Inter-level travel time spent in this place.
 D = Time resting spent in this place.
 E = Time spent auto-exploring this place.
 F = Levels seen in this place.
 G = Mean time per level.
                   A        B        C        D        E       F      G
               +--------+--------+--------+--------+--------+-----+--------+
         Total |   1139 |   1105 |     34 |      0 |    969 |   2 |  569.5 |
       Dungeon |   1139 |   1105 |     34 |      0 |    969 |   2 |  569.5 |
               +--------+--------+--------+--------+--------+-----+--------+

Top non-repeatable levels by time:
     D:1: 1101 daAuts
     D:2: 38 daAuts
